 Dungeon Crawl Stone Soup version 0.29-a0-234-g0dae59b3db (webtiles) character file.

Game seed: 13333043311731763838

96 spaghetti the Ducker (level 4, -2/31 HPs)
             Began as an Octopode Fighter on Mar 3, 2022.
             Was a Follower of Kikubaaqudgha.
             Slain by a goblin
             ... wielding a +0 dagger
             ... led by Robin
              (3 damage)
             ... on level 3 of the Dungeon.
             The game lasted 00:03:10 (2710 turns).

spaghetti the Ducker (Octopode Fighter)             Turns: 2710, Time: 00:03:11

Health: -2/31      AC:  1    Str: 15    XL:     4   Next: 67%
Magic:  4/4        EV: 14    Int: 10    God:    Kikubaaqudgha [*.....]
Gold:   87         SH:  4    Dex: 13    Spells: 1/3 levels left

rFire   . . .      SeeInvis .   a - +1 long sword {long}
rCold   . . .      Faith    .   b - +0 buckler
rNeg    . . .      Spirit   .   (helmet restricted)
rPois   .          Reflect  .   (no amulet)
rElec   .          Harm     .   (no ring)
rCorr   .          Rampage  .   (no ring)
Will    .....                   (no ring)
Stlth   ++........              (no ring)
HPRegen 0.10/turn               (no ring)
MPRegen 0.09/turn               (no ring)
                                (no ring)
                                (no ring)

@: mighty
A: almost no armour, amphibious, 8 rings, camouflage 1, gelatinous body 1,
(nimble swimmer 1), tentacles
a: Renounce Religion, Receive Corpses


You were on level 3 of the Dungeon.
You worshipped Kikubaaqudgha.
Kikubaaqudgha was aware of your devotion.
You visited 1 branch of the dungeon, and saw 3 of its levels.

You collected 87 gold pieces.


Innate Abilities, Weirdness & Mutations

You cannot wear most types of armour.
You are amphibious.
You can wear up to eight rings at the same time.
Your skin changes colour to match your surroundings (Stealth+).
Your rubbery body absorbs attacks. (AC +1, EV +1)
((You are camouflaged when in or above water. (Stealth+)))
You have tentacles for arms and can constrict up to eight enemies at once.


   Skills:
 - Level 3.0 Fighting
 - Level 2.0 Long Blades
 - Level 5.0 Dodging
 - Level 3.0 Shields
 + Level 1.4 Necromancy


You had one spell level left.
You knew the following spells:

 Your Spells              Type           Power      Damage    Failure   Level
a - Corpse Rot            Necr/Air       2%         N/A       50%         2

Your spell library contained the following spells:

 Spells                   Type           Power      Damage    Failure   Level
 Animate Skeleton         Necr           4%         N/A       28%         1
 Pain                     Necr           8%         1d4       28%         1
 Sublimation of Blood     Necr           2%         N/A       38%         2

Inventory:

Hand Weapons
 a - a +1 long sword (weapon) {long}
Missiles
 d - 3 poisoned darts (quivered) {throwing}
 e - 152 stones {throwing}
Armour
 b - a +0 buckler (worn)
Jewellery
 h - a ring of ice
   (You found it on level 3 of the Dungeon)
Scrolls
 g - a scroll of identify {@r1}
Potions
 f - a potion of curing {@q1}

Dungeon Overview and Level Annotations

Branches:
Dungeon (3/15)

Altars:
Fedhas
Kikubaaqudgha
Nemelex Xobeh
Uskayaw
Zin

Shops:
D:2 :*

Annotations:
D:2 Robin

############# #...........#
#.#########.# ### #.# #.#
#############.## #.# #.#
#............#.######.### #.#
#.#########.###))J....[.# #.# #.#
####.## ##@####.#.# #.# #.#
#...## ##g# #.#.# #.#
#.#####.##.## ##..# #.#.# ##.#
#.......###.###.#.###.#.######...
.............#.##.##....>........
#.#########.#.###........#####...
#.# #.#.# ##.#.##..# ####
#.#########.#.####.#.##..#
#...............##.#.##..########


You could see an endoplasm and a goblin (strong).


Message History

You climb downwards.
There is a stone staircase leading up here.
Things that are here:
a +0 dagger {short}; a +0 club {mace}; 😕 HP[-3]
You take 3 damage, and now have 28/31 hp.
Unknown command.
Unknown command.
You slash the goblin!
You kill the goblin!
Kikubaaqudgha accepts your kill. You block the goblin's attack.
The goblin hits you but does no damage. The endoplasm closely misses you.
The goblin closely misses you. The goblin hits you but does no damage.
The goblin closely misses you.
You hit the goblin. Your grab misses the goblin. The endoplasm misses you.
The goblin barely misses you. x2; You block the goblin's attack.
The endoplasm hits you. 😕 HP[-1]
You take 1 damage, and now have 27/31 hp.
You barely miss the goblin. Your grab misses the goblin.
The goblin barely misses you. The goblin completely misses you.
You block the goblin's attack. The endoplasm freezes you.
You are frozen. 😕 HP[-1]
You take 1 damage, and now have 26/31 hp.
You hit the goblin. Your grab misses the goblin. The goblin barely misses you.
The goblin hits you with a +0 dagger. The goblin hits you with a +0 club.
The endoplasm misses you. The goblin hits you but does no damage.
The goblin completely misses you. The goblin misses you. 😮 HP[-10]
You take 10 damage, and now have 16/31 hp.
MASSIVE DAMAGE!! (PAUSE)
You closely miss the goblin. Your grab misses the goblin.
The endoplasm freezes you.
You are frozen.
* * * LOW HITPOINT WARNING * * *
The goblin hits you with a +0 club.
* * * LOW HITPOINT WARNING * * *
The goblin closely misses you. You block the goblin's attack.
The endoplasm freezes you.
You are frozen.
* * * LOW HITPOINT WARNING * * *
😱 HP[-15]
You take 15 damage, and now have 1/31 hp.
MASSIVE DAMAGE!! (PAUSE)
Okay, then.
Okay, then.
You feel better. The goblin misses you. The goblin barely misses you.
You block the goblin's attack.
You block the endoplasm's attack. 😨 HP[+10]
You regained 10 hp, and now have 11/31 hp.
Unknown command.
You feel very mighty all of a sudden. The goblin hits you with a +0 club.
* * * LOW HITPOINT WARNING * * *
The goblin hits you with a +0 dagger.
* * * LOW HITPOINT WARNING * * *
The goblin closely misses you. The endoplasm freezes you.
You are frozen.
* * * LOW HITPOINT WARNING * * *
😨 HP[-3]
You take 3 damage, and now have 8/31 hp.
Unknown command.
You closely miss the goblin. Your grab misses the goblin.
The goblin misses you. The goblin hits you with a +0 dagger.
* * * LOW HITPOINT WARNING * * *
The goblin barely misses you.
The endoplasm completely misses you. 😱 HP[-2]
You take 2 damage, and now have 6/31 hp.
You closely miss the goblin. You grab the goblin. You constrict the goblin.
You kill the goblin!
Kikubaaqudgha accepts your kill. The goblin closely misses you.
You block the goblin's attack. The endoplasm freezes you.
You are frozen.
* * * LOW HITPOINT WARNING * * *
The goblin barely misses you. x2
The endoplasm freezes you.
You are frozen.
* * * LOW HITPOINT WARNING * * *
😱 HP[-4]
You take 4 damage, and now have 2/31 hp.
You closely miss the goblin. Your grab misses the goblin.
You squeeze the goblin.
You kill the goblin!
Kikubaaqudgha accepts your kill. The goblin misses you.
The endoplasm barely misses you.
You barely miss the goblin. Your grab misses the goblin.
Your squeeze misses the goblin. The goblin hits you but does no damage.
The endoplasm hits you but does no damage.
You block the goblin's attack.
You slash the goblin!
You kill the goblin!
Kikubaaqudgha accepts your kill. The endoplasm hits you.
* * * LOW HITPOINT WARNING * * *
The endoplasm closely misses you. The goblin hits you with a +0 dagger.
You die...
Kikubaaqudgha rasps: "You have failed me!
Welcome... death!"

Skill      XL: |  1  2  3  4 |
---------------+-------------+-----
Dodging        | 4 5 |  5.0
Necromancy     | 1 |  1.4
Fighting       | |  3.0
Long Blades    | |  2.0
Shields        | |  3.0

Action                   |  1- 3 |  4- 6 || total
-------------------------+-------+-------++-------
Melee: Long sword        |    59 |    32 ||    91
       Tentacles         |    11 |     7 ||    18
       Constrict         |    11 |     7 ||    18
  Use: Scroll            |     2 |     2 ||     4
       Potion            |     1 |     3 ||     4
 Stab: Sleeping          |     9 |     2 ||    11
Armor: Skin              |     4 |     7 ||    11
Dodge: Dodged            |    30 |    42 ||    72
Block: Buckler           |     9 |    12 ||    21

Levels and vault maps discovered:
D:1:      wander_arrival_lonely_grave, layout_basic, minivault_27,
          roderic_st_hans_cross, chequers_jeans
D:2:      layout_basic, basic_altar, serial_shops, shop, shop, shop,
          nicolae_shop_stone, nicolae_shop_trees,
          dreamdust_ecumenical_altar_statues, uniq_natasha, uniq_robin
D:3:      layout_loops_ring, mainiacjoe_overflow_tiny_flanked,
          grunt_temple_overflow_diamond

Notes
Turn   | Place    | Note
-------+----------+-------------------------------------------
     0 | D:1      | spaghetti the Octopode Fighter began the quest for the Orb.
     0 | D:1      | Reached XP level 1. HP: 16/16 MP: 1/1
     0 | D:1      | magus.rc [v1.9.6]
   140 | D:1      | Reached XP level 2. HP: 11/21 MP: 2/2
   283 | D:2      | Found Cudeitet's Assorted Antiques.
   286 | D:2      | Noticed Robin
   756 | D:1      | Reached skill level 4 in Dodging
   828 | D:1      | Reached XP level 3. HP: 26/26 MP: 3/3
  1419 | D:2      | Found a faded altar of an unknown god.
  1423 | D:2      | Prayed at the altar of an unknown god.
  1423 | D:2      | Became a worshipper of Kikubaaqudgha
  1423 | D:2      | Reached * piety under Kikubaaqudgha
  1423 | D:2      | You add the spells Animate Skeleton, Pain, Corpse Rot and
                  | Sublimation of Blood to your library.
  1423 | D:2      | Received a gift from Kikubaaqudgha
  1445 | D:2      | Found a blossoming altar of Fedhas.
  1452 | D:2      | Found Taithas's Book Emporium.
  1750 | D:3      | Reached XP level 4. HP: 31/31 MP: 4/4
  1795 | D:3      | Learned a level 2 spell: Corpse Rot
  1940 | D:3      | Reached skill level 1 in Necromancy
  2263 | D:3      | Found a sparkling altar of Nemelex Xobeh.
  2556 | D:3      | Found a hide-covered altar of Uskayaw.
  2559 | D:3      | Found a glowing silver altar of Zin.
  2564 | D:3      | Found a blossoming altar of Fedhas.
  2601 | D:3      | Reached skill level 5 in Dodging
  2703 | D:3      | HP: 6/31 [goblin/+0 club[Robin] (5)]
  2703 | D:3      | HP: 1/31 [frozen (5)]
  2710 | D:3      | HP: 1/31 [endoplasm (1)]
  2710 | D:3      | Slain by a goblin

Vanquished Creatures
  5 adders
  A worm (D:3)
  A dart slug (D:3)
  An orc (D:3)
  5 bats
  4 endoplasms (D:1)
  10 goblins
  3 hobgoblins
  2 kobolds (D:1)
  4 quokkas
  2 ball pythons (D:1)
  A frilled lizard (D:1)
  9 rats
48 creatures vanquished.

Table legend:
 A = Non-vault XP
 B = Vault XP
 C = Vault XP percentage of total XP
 D = Non-vault monster count
 E = Vault monster count
 F = Vault count percentage of total count
                 A         B        C        D         E       F
            +---------+---------+-------+---------+---------+-------
      Total |     126 |      14 |  10.0 |      41 |       7 |  14.6
            +---------+---------+-------+---------+---------+-------
        D:1 |      41 |       0 |   0.0 |      26 |       0 |   0.0
        D:2 |      16 |       2 |  11.1 |       3 |       1 |  25.0
        D:3 |      69 |      12 |  14.8 |      12 |       6 |  33.3
            +---------+---------+-------+---------+---------+-------

Illustrated notes

Table legend:
 A = Kills in this place as a percentage of kills in entire the game.
 B = Kills by you in this place as a percentage of kills by you in the entire game.
 C = Kills by friends in this place as a percentage of kills by friends in the entire game.
 D = Other kills in this place as a percentage of other kills in the entire game.
 E = Experience gained in this place as a percentage of experience gained in the entire game.
 F = Experience gained in this place divided by the number of levels of this place that you have seen.
                   A       B       C       D       E      F
               +-------+-------+-------+-------+-------+----------------------
         Total | 100.0 | 100.0 |   N/A |   N/A | 100.0 |  46.7
       Dungeon | 100.0 | 100.0 |   N/A |   N/A | 100.0 |  46.7
               +-------+-------+-------+-------+-------+----------------------

Table legend: (Time is in decaauts)
 A = Elapsed time spent in this place.
 B = Non-inter-level travel time spent in this place.
 C = Inter-level travel time spent in this place.
 D = Time resting spent in this place.
 E = Time spent auto-exploring this place.
 F = Levels seen in this place.
 G = Mean time per level.
                   A        B        C        D        E       F      G
               +--------+--------+--------+--------+--------+-----+--------+
         Total |   2743 |   2559 |    184 |    752 |   1422 |   3 |  914.3 |
       Dungeon |   2743 |   2559 |    184 |    752 |   1422 |   3 |  914.3 |
               +--------+--------+--------+--------+--------+-----+--------+

Top non-repeatable levels by time:
     D:1: 1411 daAuts
     D:3: 1244 daAuts
     D:2: 88 daAuts
